AoeStats
← 散步黑鵝

Arabia

507738211Analyzed
4v4 RM · 13d ago on Sep 19, 2026· 36m 51s· 8 players
Game mode
Random Map
Map size
Large (8 player)
Population
200
Speed
Normal
Resources
Standard
Victory
Conquest
Starting age
Dark Age
Ending age
Imperial Age
RankedLock teamsTeams togetherTeam positionsShared explorationLock speedFull tech treeHidden civsTurbo modeCheats
Victory
Defeat
🇹🇼 Vietnamese · Taiwan
2062
+4
🇹🇼 Malay · Taiwan
1827
+11
🇹🇼 Magyars · Taiwan
1719
+14
🇹🇼 Khmer · Taiwan
1535
+56
🇭🇰 Khitans · Hong Kong SAR China
1732
-14
🇭🇰 Maya · Hong Kong SAR China
1722
-14
🇭🇰 Persians · Hong Kong SAR China
1686
-12
🇭🇰 Ethiopians · Hong Kong SAR China
1656
-10
_luN
0:27 Loom
9:20 Feudal Age
11:44 Fletching
14:16 Padded Archer Armor
20:50 Castle Age
19:49 Padded Archer Armor
20:23 Gold Mining
20:19 Double-Bit Axe
20:57 Crossbowman
21:33 Bodkin Arrow
22:45 Bow Saw
25:46 Ballistics
26:30 Horse Collar
30:21 Thumb Ring
35:38 Wheelbarrow
36:11 Leather Archer Armor
36:40 Stone Mining
LamarcusLawliet
6:25 Loom
8:46 Feudal Age
12:05 Town Watch
14:36 Scale Barding Armor
16:33 Forging
19:16 Double-Bit Axe
19:21 Domestication
23:39 Castle Age
21:57 Gold Mining
23:19 Wheelbarrow
24:52 Chain Barding Armor
25:55 Hand Cart
25:44 Husbandry
Sakmelo
6:48 Loom
8:58 Feudal Age
16:56 Double-Bit Axe
17:41 Scale Barding Armor
17:47 Bloodlines
23:10 Castle Age
21:48 Forging
21:43 Horse Collar
25:02 Chain Barding Armor
24:51 Town Watch
31:31 Wheelbarrow
31:10 Bow Saw
35:16 Wheelbarrow
hide1914
6:15 Loom
9:15 Feudal Age
11:26 Fletching
15:39 Padded Archer Armor
23:47 Castle Age
22:19 Double-Bit Axe
24:34 Bodkin Arrow
23:59 Crossbowman
26:36 Ballistics
小蜜蜂
9:15 Loom
11:49 Feudal Age
16:08 Castle Age
19:42 Double-Bit Axe
21:29 Bow Saw
24:11 Squires
25:43 Horse Collar
27:32 Wheelbarrow
27:18 Gold Mining
28:29 Forging
29:48 Stone Mining
32:26 Heavy Plow
34:07 Iron Casting
34:51 Fletching
36:18 Hand Cart
米克斯
7:04 Loom
9:25 Feudal Age
10:34 Double-Bit Axe
18:38 Horse Collar
19:57 Wheelbarrow
23:24 Castle Age
22:29 Scale Barding Armor
23:08 Fletching
24:04 Bloodlines
24:29 Chain Barding Armor
26:34 Husbandry
29:51 Light Cavalry
Nezzar
9:06 Feudal Age
9:51 Double-Bit Axe
12:46 Horse Collar
14:03 Bloodlines
15:33 Scale Barding Armor
17:50 Forging
17:49 Loom
20:33 Wheelbarrow
28:39 Castle Age
26:50 Gold Mining
28:43 Light Cavalry
29:23 Husbandry
29:31 Husbandry
29:52 Chain Barding Armor
29:47 Bow Saw
31:49 Iron Casting
31:20 Heavy Plow
散步黑鵝
5:03 Loom
9:44 Feudal Age
10:17 Double-Bit Axe
12:20 Fletching
22:06 Castle Age
20:24 Gold Mining
21:06 Horse Collar
22:42 Bodkin Arrow
22:20 Crossbowman
24:08 Ballistics
28:17 Wheelbarrow
37:00 Imperial Age
Connection lost

Rejoining the realm…

Still unreachable

The connection could not be restored.

Session expired

The server has moved on; the page needs a fresh start.